 Dungeon Crawl Stone Soup version 0.30-a0-808-g6e0788376e (webtiles) character file.

Game seed: 2269295047551460579

112 hikkokomori the Digger (level 4, -9/24 HPs)
             Began as a Gargoyle Earth Elementalist on Feb 26, 2023.
             Mangled by a sickly merfolk siren (17 damage)
             ... in a sewer.
             The game lasted 00:03:12 (1952 turns).

hikkokomori the Digger (GrEE)                       Turns: 1952, Time: 00:03:12

Health: -9/24      AC:  5    Str: 11    XL:     4   Next: 95%
Magic:  1/7        EV: 11    Int: 18    God:
Gold:   71         SH:  0    Dex: 10    Spells: 3/7 levels left

rFire   . . .      SeeInvis .    f - +0 short sword
rCold   . . .      Faith    .    (no shield)
rNeg    + . .      Spirit   .    a - +0 robe
rPois   ∞          Reflect  .    j - +0 hat
rElec   +          Harm     .    (no cloak)
rCorr   .          Rampage  .    (no gloves)
Will    .....                    (no boots)
Stlth   ++                       (no amulet)
HPRegen 0.24/turn                (no ring)
MPRegen 0.10/turn                (no ring)

@: no status effects
A: sickness immunity, AC +3, negative energy resistance 1, electricity
resistance, torment resistance 1, petrification resistance
a: no special abilities


You were in a sewer.
You visited 1 branch of the dungeon, and saw 3 of its levels.
You also visited: Sewer.

You collected 71 gold pieces.

Inventory:

Hand Weapons
 f - a +0 short sword (weapon)
Armour
 a - a +0 robe (worn)
 j - a +0 hat (worn)
 l - a +0 cloak
Scrolls
 b - a scroll of blinking
 c - a scroll of fear
 d - a scroll of immolation
Potions
 e - a potion of degeneration {unknown}
 g - a potion of heal wounds {unknown}
 h - a potion of curing
 i - a potion of berserk rage {unknown}
 k - 2 potions of haste {unknown}
 m - a potion of ambrosia {unknown}
 n - a potion of magic


   Skills:
 - Level 1.5 Dodging
 + Level 4.3 Stealth
 + Level 2.1 Spellcasting
 - Level 0.7 Transmutations
 + Level 5.2 Earth Magic


You had 3 spell levels left.
You knew the following spells:

 Your Spells              Type           Power      Damage    Failure   Level
a - Sandblast             Erth           40%        2d10      1%          1
b - Stone Arrow           Conj/Erth      22%        3d8       19%         3

Your spell library contained the following spells:

 Spells                   Type           Power      Damage    Failure   Level
 Passwall                 Tmut/Erth      10%        N/A       8%          2
 Lesser Beckoning         Tloc           2%         N/A       26%         2
 Static Discharge         Conj/Air       2%         2-3/arc   26%         2
 Gell's Gravitas          Tloc           1%         N/A       47%         3
 Teleport Other           Tloc           1%         N/A       47%         3
 Vhi's Electric Charge    Tloc/Air       2%         N/A       47%         3
 Petrify                  Tmut/Erth      12%        N/A       45%         4
 Arcjolt                  Conj/Air       0%         1d10      99%         5
 Lightning Bolt           Conj/Air       0%         1d11      99%         5


Dungeon Overview and Level Annotations

Branches:
Dungeon (3/15)              Sewer (1/1)

Altars:

Annotations:
D:3 Terence


Innate Abilities, Weirdness & Mutations

You are immune to sickness and miasma.
Your stone body is resilient. (AC +3)
You are immune to poison.
You resist negative energy. (rN+)
You are resistant to electric shocks. (rElec)
You are resistant to unholy torment.
You are immune to petrification.


Message History

A rat comes into view.
The rat moves out of view.
A sickly merfolk siren, an adder and a rat come into view.
Found 8 gold pieces.
A ball python comes into view.
Found 7 gold pieces.
The blast of sand hits the rat!!
You kill the rat!
You miscast Sandblast.
You are very lightly contaminated with residual magic.
Nothing appears to happen.
The ball python hisses angrily.
The adder hisses angrily.
The blast of sand hits the adder!
The adder is severely wounded.
The sickly merfolk siren shouts!
The blast of sand hits the adder!
You kill the adder!
The sickly merfolk siren chants a haunting song.
You are mesmerised by the sickly merfolk siren!
The blast of sand hits the sickly merfolk siren.
The sickly merfolk siren is moderately wounded.
You are no longer entranced.
The ball python barely misses you. The ball python closely misses you.
The sickly merfolk siren hits you but does no damage.
The ball python closely misses you. The ball python barely misses you.
The blast of sand hits the sickly merfolk siren.
The sickly merfolk siren is severely wounded.
The ball python bites you. The ball python barely misses you.
The sickly merfolk siren chants a haunting song.
You resist. The ball python misses you. The ball python barely misses you.
The sickly merfolk siren hits you!
Ouch! That really hurt!
Your magical contamination has completely faded away.
You are too injured to fight recklessly!
You are too injured to fight recklessly!
You are too injured to fight recklessly!
The sickly merfolk siren attacks as you move away!
The sickly merfolk siren hits you!
Ouch! That really hurt!
You die...

###~~~.# #∩∩~~~~.
######## ##
##########≈~≈≈≈
#$$
#≈≈~~~~~~~~~~~~
..
###≈~~###########
####~###≈≈≈#.#
#≈≈≈~~r~~~##†#
#~≈~~~m@.....#
#~~~r†S#######
~~~...# ~...##
###


You could see a sickly merfolk siren, a ball python and 2 rats.

Vanquished Creatures
  Robin (D:2)
  3 adders
  2 dart slugs
  7 ball pythons
  3 bats (D:1)
  3 endoplasms
  2 giant cockroaches
  12 goblins
  14 hobgoblins
  2 kobolds
  3 quokkas
  A frilled lizard (Sewer)
  11 rats
64 creatures vanquished.

Notes
Turn   | Place    | Note
-------+----------+-------------------------------------------
     0 | D:1      | hikkokomori the Gargoyle Earth Elementalist began the quest
                  | for the Orb.
     0 | D:1      | Reached XP level 1. HP: 10/10 MP: 3/3
    63 | D:1      | Reached XP level 2. HP: 2/15 MP: 3/5
    72 | D:1      | Reached skill level 4 in Earth Magic
   311 | D:1      | Found a faded altar of an unknown god.
   366 | D:1      | Reached XP level 3. HP: 18/19 MP: 0/6
  1217 | D:2      | Reached XP level 4. HP: 24/24 MP: 4/7
  1333 | D:1      | Reached skill level 5 in Earth Magic
  1450 | D:2      | Noticed Robin
  1455 | D:2      | Killed Robin
  1800 | D:3      | Noticed Terence
  1802 | D:3      | Found a glowing drain.
  1811 | Sewer    | Entered a sewer
  1867 | Sewer    | Learned a level 3 spell: Stone Arrow
  1952 | Sewer    | Mangled by a sickly merfolk siren

Illustrated notes

Levels and vault maps discovered:
D:1:      dpeg_arrival_short_road, layout_basic, ebering_ecumenical_altar_box,
          minmay_pentomino_x4
D:2:      layout_rooms, grunt_ministairs_1, uniq_robin
D:3:      layout_basic, cheibrodos_sewer_entry_drain, uniq_terence, uniq_ijyb
Sewer:    sewer_sea

Skill      XL: |  1  2  3  4 |
---------------+-------------+-----
Earth Magic    | 4 5 |  5.2
Stealth        | 3 4 |  4.3
Dodging        | |  1.5
Spellcasting   | |  2.1
Transmutations | |  0.7

Action                     |  1- 3 |  4- 6 || total
---------------------------+-------+-------++-------
  Melee: Unarmed           |    21 |       ||    21
         Short sword       |     2 |    12 ||    14
   Cast: Sandblast         |    47 |    33 ||    80
    Use: Potion            |     1 |       ||     1
         Scroll            |       |     6 ||     6
 Armour: Robe              |    14 |    11 ||    25
  Dodge: Dodged            |    32 |    28 ||    60

Table legend: (Time is in decaauts)
 A = Elapsed time spent in this place.
 B = Non-inter-level travel time spent in this place.
 C = Inter-level travel time spent in this place.
 D = Time resting spent in this place.
 E = Time spent auto-exploring this place.
 F = Levels seen in this place.
 G = Mean time per level.
                   A        B        C        D        E       F      G
               +--------+--------+--------+--------+--------+-----+--------+
         Total |   2005 |   1967 |     38 |     59 |   1480 |   4 |  501.2 |
       Dungeon |   1846 |   1808 |     38 |     59 |   1365 |   3 |  615.3 |
         Sewer |    158 |    158 |      0 |      0 |    115 |   1 |  158.0 |
               +--------+--------+--------+--------+--------+-----+--------+

Top non-repeatable levels by time:
     D:1: 1030 daAuts
     D:2: 682 daAuts
   Sewer: 158 daAuts
     D:3: 133 daAuts
